 Dungeon Sprint DCSS version 0.19-a0-1891-ge1d1fe8 (console) character file.

331 Blackmore the Grappler (level 6, -2/102 HPs)
             Began as a Troll Monk on Oct 18, 2016.
             Was a High Priest of Trog.
             Slain by a flying skull (9 damage)
             ... in the Dungeon (Sprint VII: "The Pits").
             The game lasted 00:02:32 (204 turns).

Blackmore the Grappler (Troll Monk)                  Turns: 204, Time: 00:02:32

Health: -2/102     AC:  5    Str: 27    XL:     6   Next: 26%
Magic:  5/5        EV: 12    Int:  6    God:    Trog [*****.]
Gold:   0          SH:  0    Dex: 12    Spells: 0 memorised, 5 levels left

rFire  . . .     SeeInvis .       - Unarmed
rCold  . . .     Gourm    +     a - +0 robe
rNeg   . . .     Faith    .     (no shield)
rPois  .         Spirit   .     (helmet restricted)
rElec  .         Reflect  .     (no cloak)
rCorr  .         Harm     .     (gloves unavailable)
MR     .....     NoTele   +     (boots unavailable)
Stlth  ..........               (no amulet)
                                (no ring)
                                (no ring)

@: berserking, very quick
A: unfitting armour, claws 3, fast metabolism 3, gourmand, regeneration 1,
shaggy fur 1, tough skin 2
a: Berserk, Trog's Hand, Brothers in Arms, Burn Spellbooks, Renounce Religion


You were in the Dungeon.
You worshipped Trog.
Trog was extremely pleased with you.
You were not hungry.

You visited 1 branch

Inventory:

Armour
 a - a +0 robe (worn)
Scrolls
 h - a scroll of blinking
 j - 3 scrolls of remove curse
 k - a scroll of summoning
Potions
 c - 6 potions of curing
 d - 6 potions of heal wounds
 e - a potion of haste
 f - 4 potions of magic
 g - 3 potions of berserk rage
 i - 2 potions of invisibility
Comestibles
 b - 9 bread rations
 l - 40 fruits
 m - 7 meat rations


   Skills:
 * Level 6.7 Fighting
 + Level 5.3 Dodging
 - Level 1.0 Stealth
 * Level 9.9 Unarmed Combat


You had 5 spell levels left.
You didn't know any spells.

Dungeon Overview and Level Annotations

Branches:
Dungeon (1/1)

Altars:
Ashenzari
Cheibriados
Dithmenos
Elyvilon
Fedhas
Gozag
Hepliaklqana
Kikubaaqudgha
Makhleb
Nemelex Xobeh
Okawaru
Qazlal
Ru
Sif Muna
Trog
Uskayaw
Vehumet
Xom
Yredelemnul
Zin
The Shining One
Beogh
Jiyva
Lugonu


Innate Abilities, Weirdness & Mutations

You are too large for most types of armour.
You have claws for hands.
Your metabolism is lightning-fast.
You like to eat raw meat.
Your natural rate of healing is unusually fast.
You are covered in fur. (AC +1)
You have very tough skin. (AC +2)


Message History

The flying skull is heavily damaged.
The flying skull hits you!
* * * LOW HITPOINT WARNING * * *
The flying skull hits you.
* * * LOW HITPOINT WARNING * * *
A red film seems to cover your vision as you go berserk!
You feel yourself moving faster!
You feel mighty!
You feel a lot more hungry. The flying skull hits you!
* * * LOW HITPOINT WARNING * * *
You closely miss the flying skull.
The flying skull is heavily damaged.
The flying skull hits you!
* * * LOW HITPOINT WARNING * * *
You scratch the flying skull but do no damage.
The flying skull is heavily damaged.
The flying skull closely misses you.
You miss the flying skull.
The flying skull is heavily damaged.
The flying skull hits you!
You die...

######)))#.##.....
#.?(.')))'.##.....
##########.##.....
#...........'.....
#'#####'#####.....
#.#..#..#..##.....
#.#..'..'รท.#####'#
#)##+####'###.....
#@#........##.....
#z#........##.....
#)#####'#####...<.
#)#...)))[.##.....
#.#...)))[.##.....
#'###########.....
#.....a.# ######
#...#...# #...# .#


You could see a flying skull.

Vanquished Creatures
  A floating eye (D)
  A jelly (D)
  An orc wizard (D)
  An ooze (D)
  An adder zombie (D)
  A bat skeleton (D)
  2 bat zombies (D)
  A giant cockroach (D)
  2 jackals (D)
  A leopard gecko skeleton (D)
12 creatures vanquished.

Vanquished Creatures (collateral kills)
  A hungry ghost (D)
  An orc warrior (D)
  An ogre (D)
  A worker ant (D)
  A mummy (D)
  An orc (D)
6 creatures vanquished.

Grand Total: 18 creatures vanquished

Notes
Turn   | Place    | Note
-------+----------+-------------------------------------------
     0 | D        | Blackmore the Troll Monk began the quest for the Orb.
     0 | D        | Reached XP level 1. HP: 22/22 MP: 0/0
    21 | D        | Found a radiant altar of Vehumet.
    21 | D        | Found a hide-covered altar of Uskayaw.
    21 | D        | Found an ancient bone altar of Kikubaaqudgha.
    21 | D        | Found a viscous altar of Jiyva.
    21 | D        | Found a hazy altar of Hepliaklqana.
    22 | D        | Found a bloodstained altar of Trog.
    22 | D        | Found a deep blue altar of Sif Muna.
    22 | D        | Found a sacrificial altar of Ru.
    22 | D        | Found a stormy altar of Qazlal.
    22 | D        | Found an iron altar of Okawaru.
    22 | D        | Found a sparkling altar of Nemelex Xobeh.
    22 | D        | Found an opulent altar of Gozag.
    22 | D        | Found a blossoming altar of Fedhas.
    22 | D        | Found a white marble altar of Elyvilon.
    22 | D        | Found a shadowy altar of Dithmenos.
    22 | D        | Found a snail-covered altar of Cheibriados.
    23 | D        | Found a burning altar of Makhleb.
    23 | D        | Found a glowing golden altar of the Shining One.
    23 | D        | Found a glowing silver altar of Zin.
    23 | D        | Found a basalt altar of Yredelemnul.
    23 | D        | Found a roughly hewn altar of Beogh.
    24 | D        | Found a corrupted altar of Lugonu.
    24 | D        | Found a shimmering altar of Xom.
    24 | D        | Found a shattered altar of Ashenzari.
    27 | D        | Became a worshipper of Trog the Wrathful
    27 | D        | Reached * piety under Trog
    27 | D        | Reached ** piety under Trog
    65 | D        | Reached skill level 4 in Unarmed Combat
    65 | D        | Reached XP level 2. HP: 31/31 MP: 1/1
    78 | D        | Reached *** piety under Trog
    79 | D        | Noticed a floating eye
    84 | D        | Killed a floating eye
    84 | D        | Reached skill level 7 in Unarmed Combat
    84 | D        | Reached XP level 3. HP: 41/41 MP: 2/2
    84 | D        | Reached XP level 4. HP: 49/49 MP: 3/3
    90 | D        | Reached skill level 5 in Fighting
    92 | D        | Reached XP level 5. HP: 53/57 MP: 4/4
    95 | D        | Reached **** piety under Trog
   146 | D        | Noticed an ogre
   147 | D        | Noticed a flying skull
   147 | D        | Noticed a hungry ghost
   149 | D        | Noticed an orc warrior
   157 | D        | Reached skill level 8 in Unarmed Combat
   158 | D        | Killed an ogre
   159 | D        | Killed a hungry ghost
   159 | D        | Reached skill level 5 in Dodging
   159 | D        | Reached skill level 9 in Unarmed Combat
   162 | D        | Killed an orc warrior
   162 | D        | Reached XP level 6. HP: 68/68 MP: 5/5
   164 | D        | Reached ***** piety under Trog
   204 | D        | Slain by a flying skull

Vault maps used:
D:        pitsprint

Skill      XL: |  1  2  3  4  5 |
---------------+----------------+-----
Fighting       | 3 4 5 6 |  6.7
Unarmed Combat | 4 7 9 |  9.9
Dodging        | 4 5 |  5.3
Stealth        | |  1.0

Action                   |  1- 3 |  4- 6 || total
-------------------------+-------+-------++-------
Melee: Unarmed           |    18 |    32 ||    50
Invok: Brothers in Arms  |       |     1 ||     1
       Berserk           |       |     1 ||     1
 Stab: Distracted        |     1 |       ||     1
       Sleeping          |     1 |       ||     1
  Eat: Chunk             |     2 |     1 ||     3
Armor: Robe              |     6 |    10 ||    16
Dodge: Dodged            |    10 |    11 ||    21
